 Dungeon Crawl Stone Soup version 0.21.1-1-g345015f (webtiles) character file.

1635 suicidejoker the Sneak (level 8, -2/56 HPs)
             Began as an Octopode Monk on Mar 8, 2018.
             Was a Believer of Cheibriados.
             Slain by a sky beast (5 damage)
             ... on level 7 of the Dungeon.
             The game lasted 00:22:13 (5464 turns).

suicidejoker the Sneak (Octopode Monk)              Turns: 5464, Time: 00:22:13

Health: -2/56      AC:  1    Str: 15 (16) XL:     8   Next: 98%
Magic:  22/22      EV: 18    Int: 16      God:    Cheibriados [**....]
Gold:   291        SH:  0    Dex: 19      Spells: 12/13 levels left

rFire    . . .     SeeInvis .   a - +0 short sword
rCold    . . .     Gourm    .   (no shield)
rNeg     . . .     Faith    .   (helmet restricted)
rPois    .         Spirit   .   (no amulet)
rElec    .         Reflect  .   k - +3 ring of evasion
rCorr    .         Harm     .   t - ring of magical power
MR       .....                  (no ring)
Stlth    ++++......             (no ring)
HPRegen  0.18/turn              (no ring)
MPRegen  0.18/turn              (no ring)
                                (no ring)
                                (no ring)

@: heavily drained, very slow
A: almost no armour, stealthy swim, amphibious, 8 rings, constrict 8, camouflage
1, gelatinous body 1
a: Bend Time, Renounce Religion


You were on level 7 of the Dungeon.
You worshipped Cheibriados.
Cheibriados was pleased with you.
You were hungry.

You visited 2 branches of the dungeon, and saw 8 of its levels.

You collected 291 gold pieces.

Inventory:

Hand Weapons
 a - a +0 short sword (weapon)
 m - a +3 quarterstaff of chaos
 n - a +0 mace of holy wrath
 o - a +4 flail
 z - a cursed -3 mace
 B - a +4 dire flail of holy wrath
Missiles
 d - 87 bolts
 E - 19 arrows
 H - 2 tomahawks (quivered)
 I - 10 poisoned needles
Armour
 c - a +0 plate armour
Jewellery
 k - a +3 ring of evasion (left tentacle)
 p - an uncursed amulet of harm
 t - a ring of magical power (right tentacle)
Wands
 G - a wand of flame (33)
Scrolls
 e - 3 scrolls of remove curse
 f - 6 scrolls of identify
 g - 3 scrolls of magic mapping {unknown}
 h - 2 scrolls of teleportation {unknown}
 j - a scroll of blinking {unknown}
 s - a scroll of enchant armour {unknown}
 u - a scroll of amnesia {unknown}
 v - 2 scrolls of noise {unknown}
 y - 2 scrolls of fear {unknown}
 A - 3 scrolls of enchant weapon {unknown}
 C - a scroll of fog {unknown}
 F - a scroll of immolation {unknown}
Potions
 r - 2 potions of degeneration
 x - a potion of resistance
 J - 3 potions of agility
Books
 i - a book of Changes

   Spells                             Type                      Level
   a - Beastly Appendage              Transmutation                1
   b - Sticks to Snakes               Transmutation                2
   c - Spider Form                    Transmutation/Poison         3
   d - Ice Form                       Ice/Transmutation            4
   e - Blade Hands                    Transmutation                5
Comestibles
 b - 9 rations


   Skills:
 * Level 5.5(3.2) Fighting
 + Level 4.5(2.2) Short Blades
 * Level 5.5(3.2) Dodging
 + Level 5.5(3.2) Stealth
 * Level 4.3(2.1) Unarmed Combat
 * Level 3.4(1.2) Spellcasting
 * Level 3.5(1.3) Transmutations


You had 12 spell levels left.
You knew the following spells:

 Your Spells              Type           Power        Failure   Level  Hunger
a - Beastly Appendage     Tmut           #.....       13%         1    ##.....


Dungeon Overview and Level Annotations

Branches:
Dungeon (7/15)             Temple (1/1) D:5

Altars:
Ashenzari
Cheibriados
Dithmenos
Elyvilon
Fedhas
Gozag
Hepliaklqana
Kikubaaqudgha
Makhleb
Nemelex Xobeh
Okawaru
Qazlal
Ru
Sif Muna
Trog
Vehumet
Wu Jian
Xom
Yredelemnul
Zin
The Shining One


Innate Abilities, Weirdness & Mutations

You cannot wear most types of armour.
You are very stealthy in the water. (Stealth+)
You are amphibious.
You can wear up to eight rings at the same time.
You can use your tentacles to constrict eight enemies at once.
Your skin changes colour to match your surroundings (Stealth+).
Your rubbery body absorbs attacks. (AC +1, EV +1)


Message History

You squeeze the sky beast, but do no damage.
The sky beast is severely wounded.
The sky beast closely misses you.
You hit the sky beast.
The sky beast is almost dead.
The sky beast completely misses you.
You hit the sky beast. Your squeeze misses the sky beast.
The sky beast is almost dead.
The sky beast flickers out of sight!
Deactivating autopickup; reactivate with Ctrl-A.
Something hits you. Something shocks you.
* * * LOW HITPOINT WARNING * * *
You hit something but do no damage. Something hits you.
* * * LOW HITPOINT WARNING * * *
Something shocks you.
* * * LOW HITPOINT WARNING * * *
You barely miss something. You squeeze something. Something hits you.
* * * LOW HITPOINT WARNING * * *
Something shocks you.
You die...

.# #. .# #. .# ##.
# (# .. #.####.#
#.# #. #.....# #.#
#o #...# #.# #.
#.##{# #.# ######.
#. #@# ##.##
#...).. #
#.###...## #.####.
#.##.....###.# #.
#.........##.# #.
####.<.(..##.####.
##....)........
...........####.
#######......##.
#..<..[...


There were no monsters in sight!

Vanquished Creatures
  Edmund (D:4)
  Purgy (D:4)
  An orc warrior (D:7)
  A sky beast (D:5)
  2 phantoms
  2 ogres
  2 bullfrogs (D:6)
  A scorpion (D:6)
  A crimson imp (D:7)
  2 hounds
  A centaur zombie (D:5)
  Crazy Yiuf (D:2)
  3 orc priests
  3 orc wizards
  A bullfrog skeleton (D:6)
  Natasha (thrice) (D:4)
  3 worker ants
  2 hound skeletons
  3 gnolls (D:4)
  4 adders
  A shadow imp (D:6)
  An ooze (D:6)
  2 adder skeletons (D:4)
  A worm (D:4)
  A dart slug (D:3)
  3 leopard geckos
  17 orcs
  5 giant cockroaches
  8 goblins
  4 hobgoblins
  7 jackals
  3 kobolds
  4 quokkas
  2 ball pythons
  5 bats
  6 frilled lizards
  A giant cockroach zombie (D:5)
  2 gnoll zombies (D:2)
  2 rats
113 creatures vanquished.

Vanquished Creatures (others)
  2 ghouls (D:1)
  A vine stalker (D:1)
  An elf (D:1)
  A gargoyle (D:1)
  A spriggan (D:1)
  A formicid (D:1)
  2 humans
  A naga (D:1)
  A dwarf (D:1)
  2 centaurs (D:1)
  A mummy (D:1)
  An orc (D:1)
  A kobold (D:1)
  13 tentacles (D:1)
29 creatures vanquished.

Grand Total: 142 creatures vanquished

Notes
Turn   | Place    | Note
-------+----------+-------------------------------------------
     0 | D:1      | suicidejoker the Octopode Monk began the quest for the Orb.
     0 | D:1      | Reached XP level 1. HP: 16/16 MP: 1/1
     5 | D:1      | Noticed a centaur
     5 | D:1      | Noticed a spriggan
     5 | D:1      | Noticed a formicid
     5 | D:1      | Noticed a naga
     5 | D:1      | Noticed a gargoyle
     5 | D:1      | Noticed a kraken
     5 | D:1      | Noticed a dwarf
     5 | D:1      | Noticed a vine stalker
     5 | D:1      | Noticed an elf
     5 | D:1      | Noticed a centaur
     5 | D:1      | Noticed a human
     5 | D:1      | Noticed a ghoul
     5 | D:1      | Noticed a ghoul
    10 | D:1      | Killed an elf
    12 | D:1      | Killed a dwarf
    12 | D:1      | Killed a ghoul
    13 | D:1      | Killed a human
    14 | D:1      | Killed a gargoyle
    15 | D:1      | Killed a formicid
    15 | D:1      | Killed a centaur
    21 | D:1      | Killed a naga
    21 | D:1      | Killed a centaur
    21 | D:1      | Killed a ghoul
    22 | D:1      | Killed a vine stalker
    26 | D:1      | Killed a spriggan
   309 | D:1      | Reached XP level 2. HP: 21/21 MP: 2/2
   483 | D:1      | Found an iron altar of Okawaru.
   496 | D:1      | Reached skill level 1 in Unarmed Combat
  1045 | D:2      | Found a glowing golden altar of the Shining One.
  1067 | D:2      | Found a runed door.
  1182 | D:2      | Reached XP level 3. HP: 26/26 MP: 3/3
  1276 | D:2      | Found a basalt altar of Yredelemnul.
  1423 | D:2      | Found an ancient bone altar of Kikubaaqudgha.
  1424 | D:2      | Noticed a human
  1429 | D:2      | Killed a human
  1607 | D:2      | Noticed Crazy Yiuf
  1614 | D:2      | Killed Crazy Yiuf
  1614 | D:2      | Reached XP level 4. HP: 26/31 MP: 4/4
  1871 | D:3      | Reached XP level 5. HP: 26/37 MP: 5/5
  2272 | D:4      | Learned a level 1 spell: Beastly Appendage
  2287 | D:4      | Noticed Natasha
  2294 | D:4      | Killed Natasha
  2315 | D:4      | Noticed Natasha
  2324 | D:4      | Killed Natasha
  2324 | D:4      | Reached XP level 6. HP: 43/43 MP: 6/6
  2330 | D:4      | Noticed Purgy
  2343 | D:4      | Killed Purgy
  2343 | D:4      | Reached skill level 1 in Spellcasting
  2343 | D:4      | Reached skill level 1 in Transmutations
  2386 | D:4      | Noticed Natasha
  2394 | D:4      | Killed Natasha
  2664 | D:4      | Found a shattered altar of Ashenzari.
  2691 | D:4      | Reached XP level 7. HP: 11/49 MP: 9/9
  3203 | D:4      | Noticed Edmund
  3227 | D:4      | Killed Edmund
  3600 | D:5      | Entered Level 5 of the Dungeon
  3865 | D:5      | Reached XP level 8. HP: 39/54 MP: 11/11
  3952 | D:5      | Found a sparkling altar of Nemelex Xobeh.
  3963 | D:5      | Found an iron altar of Okawaru.
  4032 | D:5      | Found a glowing silver altar of Zin.
  4032 | D:5      | Found a stormy altar of Qazlal.
  4104 | D:5      | Found a staircase to the Ecumenical Temple.
  4110 | Temple   | Entered the Ecumenical Temple
  4300 | D:6      | Reached skill level 5 in Fighting
  4300 | D:6      | Reached skill level 5 in Stealth
  4344 | D:6      | Found a shadowy altar of Dithmenos.
  4361 | D:6      | Reached skill level 5 in Dodging
  4817 | D:6      | Found the +2 cloak of the Thief {+Fog Slay-2 SInv Stlth+}
  4942 | D:6      | Found a snail-covered altar of Cheibriados.
  4951 | D:6      | Became a worshipper of Cheibriados the Contemplative
  4951 | D:6      | Reached * piety under Cheibriados
  4951 | D:6      | Reached ** piety under Cheibriados
  5464 | D:7      | Slain by a sky beast

Skill      XL: |  1  2  3  4  5  6  7  8 |
---------------+-------------------------+-----
Stealth        | 3 4 5 |  5.5
Unarmed Combat | 1 2 3 4 |  4.3
Fighting       | 4 5 |  5.5
Dodging        | 4 5 |  5.5
Spellcasting   | 1 2 3 |  3.4
Transmutations | 1 2 3 |  3.5
Short Blades   | 4 |  4.5

Action                   |  1- 3 |  4- 6 |  7- 9 || total
-------------------------+-------+-------+-------++-------
Melee: Short sword       |    64 |    75 |   165 ||   304
       Constrict         |    19 |    13 |    31 ||    63
       Tentacles         |    14 |    14 |    44 ||    72
       Punch             |       |     1 |     8 ||     9
       Kick              |       |     1 |       ||     1
 Cast: Beastly Appendage |       |     2 |       ||     2
Evoke: Wand              |       |       |     1 ||     1
  Use: Potion            |       |     3 |     8 ||    11
       Scroll            |       |       |     2 ||     2
 Stab: Sleeping          |     7 |     9 |    12 ||    28
       Invisible         |       |     1 |       ||     1
  Eat: Chunk             |     2 |     3 |     1 ||     6
       Ration            |       |       |     2 ||     2
Armor: Skin              |     8 |       |     5 ||    13
Dodge: Dodged            |    52 |    63 |   118 ||   233
